 Dungeon Crawl Stone Soup version 0.27-a0-1273-gec92ba881d (webtiles) character file.

Game seed: 4942813251307674871

602 funkygono the Stinger (level 7, -1/70 HPs)
             Began as a Formicid Venom Mage on June 12, 2021.
             Slain by a water moccasin (3 damage)
             ... on level 6 of the Dungeon.
             The game lasted 00:14:46 (5269 turns).

funkygono the Stinger (Formicid Venom Mage)         Turns: 5269, Time: 00:14:47

Health: -1/70      AC: 23    Str: 13    XL:     7   Next: 69%
Magic:  13/13      EV:  2    Int: 16    God:
Gold:   128        SH:  0    Dex: 11    Spells: 5/14 levels left

rFire    . . .     SeeInvis .   d - +0 whip
rCold    + . .     Faith    .   (no shield)
rNeg     + + +     Spirit   .   (armour currently unavailable)
rPois    +         Reflect  .   (helmet unavailable)
rElec    .         Harm     .   (cloak currently unavailable)
rCorr    +         Rampage  .   (gloves currently unavailable)
Will     .....                  (boots currently unavailable)
Stlth    ++........             (no amulet)
HPRegen  0.21/turn              c - ring of resist corrosion
MPRegen  0.13/turn              g - ring of protection from cold

@: tree-form, attractive
A: stationary, stasis, torment immunity, boosted hp, permanent stasis, dig
shafts and tunnels, (antennae 3), four strong arms
a: no special abilities


You were on level 6 of the Dungeon.
You were a tree.
You visited 1 branch of the dungeon, and saw 5 of its levels.

You collected 128 gold pieces.

Inventory:

Hand Weapons
 b - a +0 falchion
 d - a +0 whip (weapon)
 n - a +1 falchion of holy wrath
Armour
 a - a +0 robe (melded)
 i - a +1 pair of gloves (melded)
 j - a +0 leather armour
Magical Staves
 h - a staff of death
Jewellery
 c - a ring of resist corrosion (left branch)
 g - a ring of protection from cold (right branch)
 o - an amulet of reflection
Potions
 e - a potion of heal wounds
 f - 2 potions of mutation
 p - a potion of magic {unknown}


   Skills:
 + Level 0.4 Fighting
 + Level 0.4 Maces & Flails
 + Level 2.1 Dodging
 - Level 2.4 Stealth
 + Level 4.1 Spellcasting
 * Level 2.0 Conjurations
 + Level 3.3 Transmutations
 * Level 2.4 Fire Magic
 + Level 2.1 Air Magic
 + Level 6.0 Poison Magic


You had 5 spell levels left.
You knew the following spells:

 Your Spells              Type           Power      Damage    Failure   Level
a - Sting                 Tmut/Pois      72%        1d6       2%          1
b - Poisonous Vapours     Pois/Air       32%        N/A       4%          2
c - Ignite Poison         Fire/Tmut/Pois 15%        N/A       10%         3
d - Mephitic Cloud        Conj/Pois/Air  14%        N/A       12%         3

Your spell library contained the following spells:

 Spells                   Type           Power      Damage    Failure   Level
 Olgreb's Toxic Radiance  Pois           22%        N/A       14%         4
 Summon Small Mammal      Summ           12%        N/A       17%         1
 Call Imp                 Summ           3%         N/A       26%         2
 Call Canine Familiar     Summ           3%         N/A       45%         3
 Summon Guardian Golem    Hex/Summ       3%         N/A       45%         3
 Summon Lightning Spire   Summ/Air       6%         N/A       71%         4
 Summon Ice Beast         Ice/Summ       3%         N/A       86%         4


Dungeon Overview and Level Annotations

Branches:
Dungeon (4/15)
 Temple: D:4-7

Altars:

Shops:
D:3 [

Annotations:
D:3 3 runed translucent doors, Mesmaeker13's ghost, amateur HuSu


Innate Abilities, Weirdness & Mutations

You are a tree.
Your roots penetrate the ground, keeping you stationary.
You cannot be teleported.
You are immune to unholy pain and torment.
Your maximum health is greatly increased.
Your equipment is partially melded.
You cannot be hasted, slowed, berserked, paralysed or teleported.
You can dig through walls and to a lower floor.
((You have a pair of large antennae on your head. (SInv)))
Your four strong arms can wield two-handed weapons with a shield.


Message History

You kill the orc!
The water moccasin bites you!
* * * LOW HITPOINT WARNING * * *
Your Poison Magic skill increases to level 6!
You miss the water moccasin.
The water moccasin is moderately wounded.
The water moccasin bites you but does no damage. x2
You closely miss the water moccasin.
The water moccasin is moderately wounded.
The water moccasin bites you but does no damage.
You hit the water moccasin.
The water moccasin is severely wounded.
The water moccasin bites you but does no damage.
The water moccasin bites you.
* * * LOW HITPOINT WARNING * * *
You closely miss the water moccasin.
The water moccasin is severely wounded.
The water moccasin bites you but does no damage. x2
You hit the water moccasin.
The water moccasin is severely wounded.
The water moccasin bites you but does no damage.
You barely miss the water moccasin.
The water moccasin is severely wounded.
The water moccasin bites you but does no damage. x2
You barely miss the water moccasin.
The water moccasin is severely wounded.
The water moccasin bites you but does no damage.
You miss the water moccasin.
The water moccasin is severely wounded.
The water moccasin bites you but does no damage.
The water moccasin bites you.
* * * LOW HITPOINT WARNING * * *
You hit the water moccasin.
The water moccasin is almost dead.
The water moccasin bites you.
* * * LOW HITPOINT WARNING * * *
You hit the water moccasin but do no damage.
The water moccasin is almost dead.
The water moccasin bites you.
You die...

.....#
##.....##.#
#.....###.....##
.#
#.....⌠.....##
.# #8.........8#
#.......###
##.....## {
##...## {
#8.S.8# ##.♣.##
{ #.).#


{{{{ #...# #8...8 ##...## { ....# #..... #####. . You could see a water
moccasin.

Vanquished Creatures
  Eustachio (D:4)
  A sky beast (D:6)
  An ogre (D:4)
  An orc priest (D:4)
  An iguana (D:4)
  An orc wizard (D:3)
  7 adders
  A shadow imp (D:6)
  A white imp (D:6)
  2 worms (D:3)
  4 dart slugs
  11 orcs
  5 endoplasms
  6 giant cockroaches
  12 goblins
  7 hobgoblins
  9 jackals
  7 kobolds
  5 quokkas
  8 ball pythons
  4 frilled lizards
  9 rats
104 creatures vanquished.

Notes
Turn   | Place    | Note
-------+----------+-------------------------------------------
     0 | D:1      | funkygono the Formicid Venom Mage began the quest for the
                  | Orb.
     0 | D:1      | Reached XP level 1. HP: 13/13 MP: 3/3
   147 | D:1      | Reached XP level 2. HP: 11/19 MP: 0/5
   295 | D:1      | Learned a level 2 spell: Poisonous Vapours
   461 | D:1      | Reached XP level 3. HP: 12/24 MP: 1/6
   705 | D:1      | Found a faded altar of an unknown god.
  1119 | D:1      | Learned a level 3 spell: Ignite Poison
  1428 | D:1      | Reached XP level 4. HP: 28/30 MP: 3/8
  1836 | D:2      | Reached skill level 5 in Poison Magic
  1841 | D:2      | Learned a level 3 spell: Mephitic Cloud
  2140 | D:2      | Reached XP level 5. HP: 35/35 MP: 5/9
  3130 | D:3      | Reached skill level 1 in Air Magic
  3236 | D:3      | Found a runed translucent gate.
  3236 | D:3      | Noticed Mesmaeker13's ghost (amateur HuSu)
  3870 | D:3      | Found Zithijoa's Antique Armour Emporium.
  3903 | D:3      | Found a runed translucent gate.
  3904 | D:3      | Found a runed translucent gate.
  4177 | D:4      | Reached XP level 6. HP: 41/41 MP: 6/11
  4262 | D:4      | Noticed an ogre
  4282 | D:4      | Killed an ogre
  4283 | D:4      | Reached skill level 1 in Conjurations
  4283 | D:4      | Reached skill level 1 in Fire Magic
  4793 | D:4      | Noticed Eustachio
  4815 | D:4      | Killed Eustachio
  4816 | D:4      | Reached XP level 7. HP: 39/47 MP: 2/13
  5043 | D:4      | You fall into a shaft and drop 2 floors!
  5215 | D:6      | Noticed a water moccasin
  5241 | D:6      | HP: 2/47 [water moccasin (7)]
  5252 | D:6      | HP: 2/47 [water moccasin (4)]
  5260 | D:6      | Reached skill level 6 in Poison Magic
  5268 | D:6      | HP: 2/70 [water moccasin (6)]
  5269 | D:6      | Slain by a water moccasin

Illustrated notes

Levels and vault maps discovered:
D:1:      zaba_arrival_water, layout_rooms, dilly_ecumenical_altar_fadedgnrine,
          minmay_strange_pillars
D:2:      layout_basic
D:3:      layout_basic, serial_shops, shop_statue, ebering_ghost_rock_garden
D:4:      layout_loops_ring, minmay_misc_feat_rows, uniq_eustachio
D:6:      layout_basic, grunt_temple_overflow_open, serial_corexii_hall,
          chequers_hall_statues_y, corexii_hall_statues_l,
          corexii_hall_statues_x, corexii_hall_statues_i,
          sigmund_edmund_badplayer, uniq_sigmund, uniq_duvessa

Skill      XL: |  1  2  3  4  5  6  7 |
---------------+----------------------+-----
Dodging        | 2 |  2.1
Spellcasting   | 3 4 |  4.1
Transmutations | 2 3 |  3.3
Poison Magic   | 5 6 |  6.0
Air Magic      | 1 2 |  2.1
Conjurations   | 1 2 |  2.0
Fire Magic     | 2 |  2.4
Fighting       | |  0.4
Maces & Flails | |  0.4
Stealth        | |  2.4

Action                   |  1- 3 |  4- 6 |  7- 9 || total
-------------------------+-------+-------+-------++-------
Melee: Falchion          |     1 |       |       ||     1
       Whip              |    11 |    43 |    25 ||    79
 Cast: Sting             |    35 |    71 |    24 ||   130
       Poisonous Vapours |    13 |    43 |     4 ||    60
       Ignite Poison     |     1 |     1 |       ||     2
       Mephitic Cloud    |       |     2 |       ||     2
  Use: Scroll            |     2 |     2 |       ||     4
       Potion            |       |       |     4 ||     4
Armor: Robe              |     8 |    11 |     8 ||    27
       Skin              |       |       |    21 ||    21
Dodge: Dodged            |    26 |    58 |    19 ||   103
       Rpst.: Falchion   |     2 |       |       ||     2

Table legend: (Time is in decaauts)
 A = Elapsed time spent in this place.
 B = Non-inter-level travel time spent in this place.
 C = Inter-level travel time spent in this place.
 D = Time resting spent in this place.
 E = Time spent auto-exploring this place.
 F = Levels seen in this place.
 G = Mean time per level.
                   A        B        C        D        E       F      G
               +--------+--------+--------+--------+--------+-----+--------+
         Total |   5283 |   5186 |     97 |    204 |   4067 |   5 | 1056.6 |
       Dungeon |   5283 |   5186 |     97 |    204 |   4067 |   5 | 1056.6 |
               +--------+--------+--------+--------+--------+-----+--------+

Top non-repeatable levels by time:
     D:1: 1765 daAuts
     D:3: 1359 daAuts
     D:2: 1057 daAuts
     D:4: 872 daAuts
     D:6: 228 daAuts
